AoeStats
← Sísara

African Clearing

504035696Analyzed
3v3 RM · 1mo ago on Sep 3, 2026· 46m 27s· 6 players
Game mode
Random Map
Map size
Normal (6 player)
Population
200
Speed
Normal
Resources
Standard
Victory
Conquest
Starting age
Dark Age
Ending age
Imperial Age
RankedLock teamsTeams togetherTeam positionsShared explorationLock speedFull tech treeHidden civsTurbo modeCheats
Victory
Defeat
🇫🇷 Cumans · France
1135
+8
🇫🇷 Britons · France
961
+15
🇫🇷 Khmer · France
787
+23
🇪🇸 Bengalis · Spain
965
-16
🇪🇸 Mongols · Spain
954
-16
🇪🇸 Magyars · Spain
927
-14
Nero
6:45 Loom
13:43 Feudal Age
14:32 Double-Bit Axe
15:48 Town Watch
16:38 Wheelbarrow
16:16 Scale Barding Armor
17:54 Forging
20:25 Bloodlines
21:55 Horse Collar
28:22 Castle Age
27:24 Fletching
29:32 Bodkin Arrow
29:41 Gold Mining
30:38 Husbandry
34:04 Bow Saw
35:06 Padded Archer Armor
37:15 Thumb Ring
39:44 Ballistics
43:11 Hand Cart
Rutig3r
9:02 Loom
16:59 Feudal Age
19:19 Fletching
20:43 Wheelbarrow
22:08 Double-Bit Axe
23:22 Scale Barding Armor
23:40 Bloodlines
24:48 Wheelbarrow
24:16 Gold Mining
25:36 Horse Collar
28:11 Town Watch
28:41 Forging
34:50 Castle Age
36:59 Chain Barding Armor
37:27 Heavy Plow
38:15 Iron Casting
45:30 Imperial Age
Sísara
4:13 Loom
4:30 Loom
16:55 Feudal Age
18:34 Double-Bit Axe
21:13 Bloodlines
20:52 Horse Collar
23:42 Castle Age
24:25 Husbandry
26:10 Scale Barding Armor
31:34 Wheelbarrow
guiome45
10:53 Loom
13:12 Feudal Age
19:54 Wheelbarrow
19:28 Horse Collar
19:40 Double-Bit Axe
22:12 Scale Barding Armor
22:58 Bloodlines
22:43 Fletching
27:43 Castle Age
27:38 Forging
28:04 Light Cavalry
30:02 Chain Barding Armor
32:47 Iron Casting
38:07 Steppe Husbandry
39:32 Bodkin Arrow
41:31 Hand Cart
44:12 Imperial Age
45:56 Plate Barding Armor
45:28 Hussar
Cawottes
10:16 Loom
13:08 Feudal Age
19:52 Fletching
24:27 Horse Collar
25:42 Fishing Lines
27:15 Double-Bit Axe
30:52 Gold Mining
36:57 Castle Age
36:21 Stone Mining
36:42 Padded Archer Armor
37:41 Caravan
37:34 Gillnets
37:44 Bodkin Arrow
41:16 Ballistics
44:18 Imperial Age
43:11 Bow Saw
43:04 Heavy Plow
43:45 Gold Shaft Mining
45:08 Wheelbarrow
44:18 Town Watch
45:05 Yeomen
45:38 Bracer
45:53 Leather Archer Armor
47:46 Chemistry
AceTriton691029
4:16 Loom
5:34 Loom
14:20 Feudal Age
19:32 Castle Age
18:00 Double-Bit Axe
19:03 Horse Collar
24:14 Town Watch
26:50 Heavy Plow
27:38 Fletching
28:27 Wheelbarrow
28:21 Pikeman
34:22 Hand Cart
39:34 Imperial Age
37:06 Arson
37:50 Gold Mining
38:40 Tusk Swords
40:14 Forging
41:33 Conscription
41:47 Elite Skirmisher
43:33 Town Patrol
43:59 Ballistics
46:37 Bow Saw
Connection lost

Rejoining the realm…

Still unreachable

The connection could not be restored.

Session expired

The server has moved on; the page needs a fresh start.